 Dungeon Crawl Stone Soup version 0.29.1-12-g30fa7ad0bf (webtiles) character file.

Game seed: 6767621402228125364

24285 RapScallion the Severer (level 13, -5/119 HPs)
             Began as a Hill Orc Fighter on Jan 17, 2023.
             Was the Champion of Uskayaw.
             Slain by a 13-headed hydra (8 damage)
             ... on level 3 of the Lair of Beasts.
             The game lasted 01:04:35 (16270 turns).

RapScallion the Severer (Hill Orc Fighter)         Turns: 16270, Time: 01:04:36

Health: -5/119     AC: 31    Str: 24    XL:     13   Next: 12%
Magic:  13/13      EV:  5    Int:  8    God:    Uskayaw [******]
Gold:   826        SH:  0    Dex: 16    Spells: 12/12 levels left

rFire   . . .      SeeInvis .   i - +2 battleaxe
rCold   . . .      Faith    .   (shield currently unavailable)
rNeg    . . .      Spirit   .   B - +0 crystal plate armour
rPois   .          Reflect  .   q - +0 helmet
rElec   .          Harm     .   h - +0 cloak
rCorr   .          Rampage  .   m - +0 pair of gloves
Will    .....                   l - +0 pair of boots
Stlth   ..........              (no amulet)
HPRegen 0.29/turn               x - +6 ring of dexterity
MPRegen 0.13/turn               I - +4 ring of protection

@: no status effects
A: no striking features
a: Renounce Religion, Stomp, Line Pass, Grand Finale


You were on level 3 of the Lair of Beasts.
You worshipped Uskayaw.
Uskayaw was noncommittal.
You visited 3 branches of the dungeon, and saw 16 of its levels.
You also visited: Sewer and Bailey.

You collected 1036 gold pieces.
You spent 210 gold pieces at shops.

Inventory:

Hand Weapons
 a - a +1 war axe
 i - a +2 battleaxe (weapon)
 t - a +0 flail
 y - the +7 mace of Fixation {holy, rN+}
   (You found it on level 8 of the Dungeon)

   It has been blessed by the Shining One to cause great damage to the undead
   and demons.
   rN:        It protects you from negative energy.
 D - a +1 whip of freezing
Missiles
 j - 5 silver boomerangs
 o - 4 throwing nets (quivered)
Armour
 b - the +0 leather armour of the Journeyman {Drain Will+ Str+6 Int+3}
   (You found it on level 2 of the Dungeon)

   Str:       It affects your strength (+6).
   Int:       It affects your intelligence (+3).
   Drain:     It drains your maximum health when unequipped.
   Will:      It increases your willpower.
 c - a +0 buckler
 h - a +0 cloak (worn)
 k - a +3 ring mail of poison resistance
 l - a +0 pair of boots (worn)
 m - a +0 pair of gloves (worn)
 q - a +0 helmet (worn)
 B - a +0 crystal plate armour (worn)
Jewellery
 x - a +6 ring of dexterity (left hand)
 I - a +4 ring of protection (right hand)
Wands
 g - a wand of digging (6)
 r - a wand of charming (21)
 z - a wand of light (7)
 C - a wand of flame (20)
 F - a wand of roots (1)
 J - a wand of polymorph (11)
Scrolls
 d - a scroll of fog
 e - 6 scrolls of teleportation
 p - 2 scrolls of blinking
 s - a scroll of silence
 K - a scroll of magic mapping
 L - 4 scrolls of identify
Potions
 f - a potion of mutation
 n - a potion of resistance
 u - 4 potions of lignification
 v - 6 potions of flight
 w - 8 potions of curing
 A - 2 potions of cancellation
 H - 2 potions of invisibility


   Skills:
 + Level 12.4 Fighting
 + Level 20.2 Axes
 + Level 11.9 Armour
 - Level 0.6 Dodging
 - Level 0.5 Stealth
 - Level 5.1 Shields


You had 12 spell levels left.
You didn't know any spells.
Your spell library contained the following spells:

 Spells                   Type           Power      Damage    Failure   Level
 Apportation              Tloc           0%         N/A       100%        1
 Necrotise                Necr           0%         1d4       100%        1
 Slow                     Hex            0%         N/A       100%        1
 Summon Small Mammal      Summ           0%         N/A       100%        1
 Scorch                   Fire           0%         2d5       100%        2
 Confusing Touch          Hex            0%         N/A       100%        3
 Gell's Gravitas          Tloc           0%         N/A       100%        3
 Teleport Other           Tloc           0%         N/A       100%        3
 Vampiric Draining        Necr           0%         2d6       100%        3
 Flame Wave               Conj/Fire      0%         2d4       100%        4
 Summon Ice Beast         Ice/Summ       0%         N/A       100%        4
 Summon Mana Viper        Hex/Summ       0%         N/A       100%        5
 Dispersal                Tloc           0%         N/A       100%        6
 Summon Cactus Giant      Summ           0%         N/A       100%        6
 Monstrous Menagerie      Summ           0%         N/A       100%        7


Dungeon Overview and Level Annotations

Branches:
Dungeon (12/15)            Temple (1/1) D:5            Lair (2/5) D:10
    Orc (0/2) D:10          Sewer (visited)          Bailey (visited)
  Swamp: Lair:2-3    Shoals: Lair:2-3     Snake: Lair:2-3    Spider: Lair:2-3

Altars:
Ashenzari
Cheibriados
Dithmenos
Elyvilon
Fedhas
Gozag
Hepliaklqana
Kikubaaqudgha
Makhleb
Nemelex Xobeh
Okawaru
Qazlal
Ru
Sif Muna
Trog
Uskayaw
Vehumet
Wu Jian
Xom
Yredelemnul
Zin
The Shining One

Shops:
D:3 *   D:7 ?   D:11 *

Annotations:
D:8 5 transporters


Message History

The 11-headed hydra bites you.
* * * LOW HITPOINT WARNING * * *
The 11-headed hydra bites you but does no damage. x3
The 11-headed hydra closely misses you.
The 11-headed hydra bites you but does no damage. x6
You feel much better.
The 11-headed hydra completely misses you.
The 11-headed hydra bites you!
The 11-headed hydra bites you but does no damage.
The 11-headed hydra bites you.
* * * LOW HITPOINT WARNING * * *
The 11-headed hydra bites you but does no damage.
The 11-headed hydra bites you.
* * * LOW HITPOINT WARNING * * *
The 11-headed hydra bites you but does no damage. x2
The 11-headed hydra barely misses you. The 11-headed hydra bites you.
* * * LOW HITPOINT WARNING * * *
The 11-headed hydra bites you but does no damage.
You lop one of the 11-headed hydra's heads off!
The ten-headed hydra grows two more!
You slash the 12-headed hydra!
The 12-headed hydra is severely wounded.
The 12-headed hydra bites you but does no damage.
The 12-headed hydra bites you!
* * * LOW HITPOINT WARNING * * *
The 12-headed hydra bites you.
* * * LOW HITPOINT WARNING * * *
The 12-headed hydra bites you!
* * * LOW HITPOINT WARNING * * *
The 12-headed hydra bites you but does no damage. x8
You chop one of the 12-headed hydra's heads off!
The 11-headed hydra grows two more!
You slash the 13-headed hydra!
The 13-headed hydra is severely wounded.
You completely miss the 13-headed hydra.
The 13-headed hydra is severely wounded.
The 13-headed hydra bites you.
* * * LOW HITPOINT WARNING * * *
The 13-headed hydra bites you.
* * * LOW HITPOINT WARNING * * *
The 13-headed hydra bites you!
You die...

###.........##
.#...[......#
...........#
#.........#
#.........#
#......... #.....##
#.†##.# #†@#.#
#.D†#### ##
###..##.### ...
####.......F.# .
..#.#..........#
...#.#...........##
......†[†.......)P#
......†..........##
...#P#.#.........#


You could see a 13-headed hydra.

Vanquished Creatures
  Erolcha (D:11)
  A boulder beetle (Lair:3)
  A two-headed ogre (D:10)
  2 hydras
  Pikel (D:5)
  An ugly thing (D:11)
  A manticore (D:12)
  An oklob plant (D:10)
  2 cyclopes
  8 elephants (Lair:3)
  A gargoyle (D:12)
  3 cane toads
  2 komodo dragons (Lair:1)
  2 rime drakes
  4 trolls
  5 blink frogs (Lair:3)
  8 slime creatures (D:12)
  A shadow (D:12)
  19 yaks
  4 wraiths
  6 vampire mosquitoes (D:12)
  A steam dragon (D:8)
  10 water moccasins
  An orc warrior (D:7)
  An ice beast (D:7)
  2 sky beasts
  7 centaurs
  2 lemures (D:4)
  12 wolves
  A phantom (D:5)
  5 kobold brigands
  3 bullfrogs
  8 gnoll sergeants (Bailey)
  4 necrophages
  4 scorpions
  10 wights
  5 killer bees (D:7)
  An electric eel (D:11)
  4 hounds
  2 jellies
  4 orc priests
  6 gnoll boudas
  4 iguanas
  6 orc wizards
  Ijyb (D:5)
  12 adders
  14 gnolls (Bailey)
  A shadow imp (D:8)
  3 white imps
  An ufetubus (D:5)
  3 worms (D:2)
  2 dart slugs
  31 orcs
  4 endoplasms
  4 giant cockroaches
  7 goblins
  6 hobgoblins
  6 jackals
  33 kobolds
  6 quokkas
  9 ball pythons
  4 bats (D:1)
  A frilled lizard (D:1)
  10 rats
335 creatures vanquished.

Vanquished Creatures (collateral kills)
  2 gnoll sergeants (Bailey)
  A gnoll bouda (Bailey)
  4 gnolls (Bailey)
7 creatures vanquished.

Vanquished Creatures (others)
  11 fungi
  17 plants
28 creatures vanquished.

Grand Total: 370 creatures vanquished

Notes
Turn   | Place    | Note
-------+----------+-------------------------------------------
     0 | D:1      | RapScallion the Hill Orc Fighter began the quest for the
                  | Orb.
     0 | D:1      | Reached XP level 1. HP: 19/19 MP: 1/1
   148 | D:1      | Reached XP level 2. HP: 23/27 MP: 2/2
   440 | D:1      | Reached skill level 3 in Axes
   637 | D:1      | Found a faded altar of an unknown god.
   645 | D:1      | Reached XP level 3. HP: 33/33 MP: 3/3
   650 | D:1      | Found a faded altar of an unknown god.
  1268 | D:2      | Reached XP level 4. HP: 40/40 MP: 4/4
  1397 | D:2      | Found a bloodstained altar of Trog.
  1470 | D:2      | Identified the +0 leather armour of the Journeyman {Drain
                  | Will+ Str+6 Int+3}
  1963 | D:3      | Reached skill level 4 in Axes
  1981 | D:3      | Found Epsuevvo's General Store.
  1988 | D:3      | Reached XP level 5. HP: 46/46 MP: 5/5
  2133 | D:3      | Reached skill level 5 in Axes
  2232 | D:3      | Found a glowing drain.
  2247 | Sewer    | Entered a sewer
  2289 | Sewer    | Noticed a kobold brigand
  2383 | Sewer    | Reached XP level 6. HP: 53/53 MP: 6/6
  2455 | Sewer    | Reached skill level 6 in Axes
  2601 | Sewer    | Found a glowing silver altar of Zin.
  3529 | D:4      | Reached skill level 5 in Armour
  3529 | D:4      | Reached XP level 7. HP: 57/60 MP: 7/7
  3669 | D:4      | Reached skill level 5 in Fighting
  3669 | D:4      | Reached skill level 7 in Axes
  3991 | D:5      | Entered Level 5 of the Dungeon
  3991 | D:5      | Noticed Pikel
  4099 | D:5      | Killed Pikel
  4100 | D:5      | Reached skill level 8 in Axes
  4100 | D:5      | Reached XP level 8. HP: 66/69 MP: 8/8
  4569 | D:5      | Reached skill level 9 in Axes
  4614 | D:5      | Found a staircase to the Ecumenical Temple.
  4620 | Temple   | Entered the Ecumenical Temple
  4840 | Temple   | Became a worshipper of Uskayaw the Reveller
  4955 | D:5      | Reached * piety under Uskayaw
  4981 | D:5      | Reached ** piety under Uskayaw
  5179 | D:5      | Found a glowing silver altar of Zin.
  5179 | D:5      | Found a burning altar of Makhleb.
  5196 | D:5      | Found an iron altar of Okawaru.
  5308 | D:5      | Reached *** piety under Uskayaw
  5402 | D:5      | Noticed Ijyb
  5412 | D:5      | Killed Ijyb
  5757 | D:6      | Reached skill level 10 in Axes
  5804 | D:6      | You fall into a shaft and drop 3 floors!
  5921 | D:9      | Noticed a troll
  5931 | D:8      | Reached XP level 9. HP: 68/75 MP: 9/9
  5943 | D:7      | Reached skill level 11 in Axes
  5943 | D:7      | Reached skill level 5 in Shields
  6798 | D:7      | Found Ofaulaak's Magic Scroll Shoppe.
  6810 | D:7      | Reached skill level 12 in Axes
  6811 | D:7      | Reached **** piety under Uskayaw
  7270 | D:7      | Bought a scroll of blinking for 105 gold pieces
  7270 | D:7      | Bought a scroll of enchant weapon for 105 gold pieces
  7471 | D:7      | Reached skill level 13 in Axes
  7472 | D:7      | Reached ***** piety under Uskayaw
  7474 | D:7      | Reached XP level 10. HP: 43/86 MP: 10/10
  7777 | D:8      | Found a transporter.
  7778 | D:8      | Noticed a white ugly thing
  8130 | D:8      | Identified the +7 mace of Fixation {holy, rN+}
  8304 | D:8      | Found a transporter.
  8309 | D:8      | Found a transporter.
  8327 | D:8      | Found a transporter.
  8344 | D:8      | Noticed a cyclops
  8358 | D:8      | Found a transporter.
  8598 | D:9      | Reached skill level 14 in Axes
  9206 | D:10     | Entered Level 10 of the Dungeon
  9243 | D:10     | Noticed a two-headed ogre
  9250 | D:10     | Found a flagged portal.
  9251 | D:10     | Killed a two-headed ogre
  9252 | D:10     | Reached skill level 15 in Axes
  9291 | Bailey   | Entered a bailey
  9725 | Bailey   | Reached XP level 11. HP: 45/97 MP: 11/11
 10375 | Bailey   | Identified the +0 storm dragon scales of the Eight Boll
                  | Weevils {rElec rF+ rC+ Str-5 Dex+3}
 10979 | D:10     | Reached skill level 16 in Axes
 11201 | D:10     | Found a staircase to the Lair.
 11206 | D:10     | Noticed an oklob plant
 11215 | D:10     | Killed an oklob plant
 11320 | D:10     | Found a staircase to the Orcish Mines.
 11354 | D:10     | Found a blossoming altar of Fedhas.
 11669 | D:11     | Found Komiusea's Changing Room.
 11737 | D:11     | Noticed Erolcha
 11757 | D:11     | Killed Erolcha
 12118 | D:11     | Noticed a purple ugly thing
 12133 | D:11     | Noticed a cyclops
 12138 | D:11     | Killed a purple ugly thing
 12149 | D:11     | Killed a cyclops
 12594 | D:11     | Reached skill level 17 in Axes
 12594 | D:11     | Reached skill level 10 in Armour
 12597 | D:11     | Reached skill level 10 in Fighting
 13280 | D:12     | Reached ****** piety under Uskayaw
 13285 | D:12     | Reached XP level 12. HP: 93/108 MP: 12/12
 13374 | D:12     | Reached skill level 18 in Axes
 13822 | D:12     | Noticed a sun demon
 14313 | Lair:1   | Entered Level 1 of the Lair of Beasts
 14878 | Lair:1   | Noticed an eight-headed hydra
 14953 | Lair:1   | Killed a 12-headed hydra
 15918 | Lair:2   | Reached skill level 19 in Axes
 16079 | Lair:2   | You fall into a shaft and drop 1 floor!
 16201 | Lair:3   | Noticed a four-headed hydra
 16209 | Lair:3   | Killed a six-headed hydra
 16232 | Lair:3   | Noticed a boulder beetle
 16233 | Lair:3   | Reached XP level 13. HP: 75/118 MP: 13/13
 16243 | Lair:3   | Reached skill level 20 in Axes
 16270 | Lair:3   | HP: 5/119 [13-headed hydra (3)]
 16270 | Lair:3   | Slain by a 13-headed hydra

Illustrated notes

Levels and vault maps discovered:
D:1:      evilmike_arrival_rings, layout_basic,
          hellmonk_ecumenical_altar_the_god_not_taken
D:2:      layout_basic, basic_altar, nicolae_elevator_lobby_asterisk
D:3:      minmay_bubble_buster, layout_loops_ring, gup_sewer_entry_pipe,
          serial_shops, nicolae_lakefront_shop
D:4:      layout_cave_pools, serial_column_ruins, column_ruins_open_small,
          column_ruins_grid_1, column_ruins_open_small_water,
          column_ruins_open_small, column_ruins_open_tiny
D:5:      layout_basic, grunt_temple_overflow_open, minmay_temple_entry_fiery,
          uniq_ijyb, uniq_pikel
D:6:      layout_basic, nicolae_eternal_life
D:7:      layout_basic, serial_shops, nicolae_square_shop
D:8:      gammafunk_the_bubble [the_bubble_gammafunk_roulette], layout_rooms,
          minmay_misc_feat_iff, minmay_misc_feat_secret_circle, minivault_19,
          dreamdust_gnoll_shepherd
D:9:      layout_rooms
D:10:     layout_rooms, mainiacjoe_overflow_alcove_2, dpeg_oklobed_lair,
          orc_0_dummy, enter_bailey_4
D:11:     layout_basic, nicolae_transmutations_shop, uniq_erolcha
D:12:     layout_basic
Temple:   hc_temple_tempest_star
Lair:1:   layout_regular_city, hibernation_bobbens, serial_bayou_shore_b,
          grunt_megastairs_5
Lair:2:   layout_cave_pods, skrybe_swamp_entry_bodies, spider_nest_entry_webs,
          nicolae_quartered_pool_super, uniq_sonja
Lair:3:   layout_roguey, lemuel_fruit_tree

Skill      XL: |  1  2  3  4  5  6  7  8  9 10 11 12 13 |
---------------+----------------------------------------+-----
Axes           | 3 4 5 6 8 10 13 15 17 19 20 | 20.2
Fighting       | 4 5 6 7 9 10 12 | 12.4
Armour         | 4 5 6 7 9 10 11 | 11.9
Shields        | 4 5 |  5.1
Dodging        | |  0.6
Stealth        | |  0.5

Action                   |  1- 3 |  4- 6 |  7- 9 | 10-12 | 13-15 || total
-------------------------+-------+-------+-------+-------+-------++-------
Melee: War axe           |    82 |   207 |   140 |       |       ||   429
       Battleaxe         |       |       |    87 |   509 |    30 ||   626
  Use: Scroll            |     2 |     5 |    15 |    11 |       ||    33
       Potion            |       |       |     2 |     8 |     2 ||    12
 Stab: Paralysed         |       |       |    11 |    42 |     1 ||    54
Armor: Scale mail        |    49 |     5 |       |       |       ||    54
       Plate armour      |       |   120 |   152 |    79 |       ||   351
       Crystal plate arm |       |       |       |   415 |    65 ||   480
Dodge: Dodged            |    70 |    51 |    83 |   191 |     8 ||   403
Block: Buckler           |    18 |    33 |    42 |       |       ||    93
